 Dungeon Crawl Stone Soup version 0.27-a0-1595-g0b823d0a13 (webtiles) character file.

Game seed: 3459646391423609515

244 Lusmu the Firebug (level 5, -10/38 HPs)
             Began as a Draconian Fire Elementalist on July 20, 2021.
             Was an Initiate of Ashenzari.
             Killed by divine providence
             ... invoked by an orc priest
              (13 damage)
             ... on level 4 of the Dungeon.
             The game lasted 00:19:05 (4729 turns).

Lusmu the Firebug (Draconian Fire Elementalist)     Turns: 4729, Time: 00:19:06

Health: -10/38     AC:  6    Str: 11    XL:     5   Next: 83%
Magic:  20/27      EV: 12    Int: 15    God:    Ashenzari [......]
Gold:   170        SH:  0    Dex: 12    Spells: 5/9 levels left

rFire    . . .     SeeInvis .   n - +2 dagger (holy)
rCold    . . .     Faith    .   (no shield)
rNeg     . . .     Spirit   .   (armour unavailable)
rPois    .         Reflect  .   (helmet restricted)
rElec    .         Harm     .   b - +0 cloak
rCorr    .         Rampage  .   (no gloves)
Will     .....                  (no boots)
Stlth    ++........             (no amulet)
HPRegen  0.12/turn              a - ring of magical power
MPRegen  0.20/turn              k - ring of magical power

@: no status effects
A: AC +5, unfitting armour, cold-blooded
a: Renounce Religion


You were on level 4 of the Dungeon.
You worshipped Ashenzari.
Ashenzari was noncommittal.
You visited 2 branches of the dungeon, and saw 5 of its levels.

You collected 170 gold pieces.

Inventory:

Hand Weapons
 h - a +1 dagger of flaming
 n - a +2 dagger of holy wrath (weapon)
Missiles
 c - 19 poisoned darts
 g - 10 boomerangs
Armour
 b - a +0 cloak (worn)
Jewellery
 a - a ring of magical power (left hand)
 d - an amulet of guardian spirit
 k - a ring of magical power (right hand)
Scrolls
 i - 2 scrolls of identify
 l - a scroll of amnesia
 p - a scroll of enchant armour
Potions
 e - a potion of resistance
 f - a potion of lignification
 j - 2 potions of haste
 m - 2 potions of brilliance
 o - a potion of curing


   Skills:
 - Level 2.2 Dodging
 - Level 3.0 Stealth
 + Level 2.7 Spellcasting
 + Level 3.2 Conjurations
 + Level 4.4 Fire Magic


You had 5 spell levels left.
You knew the following spells:

 Your Spells              Type           Power      Damage    Failure   Level
a - Foxfire               Conj/Fire      52%        2x1d6     4%          1
b - Conjure Flame         Conj/Fire      13%        6-21      13%         3

Your spell library contained the following spells:

 Spells                   Type           Power      Damage    Failure   Level
 Inner Flame              Hex/Fire       8%         N/A       26%         3
 Sticky Flame             Conj/Fire      13%        2d4       38%         4
 Fireball                 Conj/Fire      6%         3d5       75%         5


Dungeon Overview and Level Annotations

Branches:
Dungeon (4/15)             Temple (1/1) D:4

Altars:
Ashenzari
Cheibriados
Fedhas
Gozag
Hepliaklqana
Makhleb
Okawaru
Ru
Sif Muna
Trog
Wu Jian
Xom
Zin


Innate Abilities, Weirdness & Mutations

Your plain brown scales are hard. (AC +5)
You cannot fit into any form of body armour.
You are cold-blooded and may be slowed by cold attacks.


Message History

Casting: Foxfire (safe; 4% risk of failure)
Confirm with . or Enter, or press ? or * to list all spells.
You conjure some foxfire!
The orc priest invokes the aid of Beogh against you.
Beogh smites you!
* * * LOW HITPOINT WARNING * * *
You hit the orc priest.
The orc priest is severely wounded.
The foxfire hits the orc priest but does no damage.
The orc priest is severely wounded.
The foxfire hits the orc priest.
The orc priest completely resists.
The orc priest is severely wounded.
The orc priest hits you but does no damage.
Casting: Foxfire (safe; 4% risk of failure)
Confirm with . or Enter, or press ? or * to list all spells.
You conjure some foxfire!
The orc priest hits you but does no damage.
The orc priest hits your foxfire with a +0 hand axe.
The orc priest closely misses your foxfire.
You hit the orc priest but do no damage.
Your tail-slap misses the orc priest.
The orc priest is severely wounded.
The foxfire hits the orc priest but does no damage.
The orc priest is severely wounded.
The foxfire hits the orc priest.
The orc priest resists.
The orc priest is almost dead.
The orc priest hits you with a +0 hand axe.
* * * LOW HITPOINT WARNING * * *
Casting: Foxfire (safe; 4% risk of failure)
Confirm with . or Enter, or press ? or * to list all spells.
You conjure some foxfire!
The orc priest hits you with a +0 hand axe.
* * * LOW HITPOINT WARNING * * *
The orc priest hits your foxfire with a +0 hand axe.
Your foxfire dissipates!
The foxfire hits the orc priest.
The orc priest resists.
The orc priest is almost dead.
The orc priest invokes the aid of Beogh against you.
Beogh smites you!
You die...

##### ...#
########ยง####.#
#......@......#
#.######o######
#.# #l# . # #<#
#.#
....#.########.#
......?...lo...#
....#.##########
. #


You could see an iguana and an orc priest.

Vanquished Creatures
  An orc priest (D:4)
  2 iguanas (D:4)
  Robin (D:3)
  2 gnolls
  5 adders
  A worm (D:2)
  5 dart slugs
  7 orcs
  4 bats
  4 endoplasms
  5 giant cockroaches
  4 hobgoblins
  6 jackals
  A quokka (D:1)
  3 ball pythons
  A frilled lizard (D:1)
  10 goblins
  4 kobolds
  2 rats (D:3)
68 creatures vanquished.

Vanquished Creatures (others)
  231 foxfires
231 creatures vanquished.

Grand Total: 299 creatures vanquished

Notes
Turn   | Place    | Note
-------+----------+-------------------------------------------
     0 | D:1      | Lusmu the Draconian Fire Elementalist began the quest for
                  | the Orb.
     0 | D:1      | Reached XP level 1. HP: 14/14 MP: 3/3
   464 | D:1      | Reached XP level 2. HP: 19/20 MP: 5/5
   630 | D:1      | Found a faded altar of an unknown god.
  1314 | D:2      | Reached XP level 3. HP: 26/26 MP: 6/6
  1707 | D:2      | Reached XP level 4. HP: 9/33 MP: 7/7
  3054 | D:3      | Noticed Robin
  3072 | D:3      | Killed Robin
  3073 | D:3      | Reached skill level 4 in Fire Magic
  3382 | D:3      | Learned a level 3 spell: Conjure Flame
  3438 | D:4      | Noticed an ogre
  3518 | D:4      | Reached XP level 5. HP: 38/38 MP: 8/8
  4127 | D:4      | Found a staircase to the Ecumenical Temple.
  4159 | Temple   | Entered the Ecumenical Temple
  4223 | Temple   | Became a worshipper of Ashenzari the Shackled
  4729 | D:4      | Killed from afar by an orc priest

Illustrated notes

Levels and vault maps discovered:
D:1:      nicolae_arrival_somewhat_less_tricky_arrival, layout_basic,
          basic_ecumenical_altar
D:2:      layout_loops_ring, glass_columns_c, minmay_misc_feat_iff,
          chequers_mini_garden, minmay_tromino_i4
D:3:      layout_loops_ring, ebering_dispersal_statue_hall,
          minmay_strange_pillars, uniq_robin
D:4:      layout_basic, general_overflow_altar, minmay_temple_entry_stoned_glass
Temple:   cyrus_circular_temple

Skill      XL: |  1  2  3  4  5 |
---------------+----------------+-----
Dodging        | 2 |  2.2
Stealth        | 2 3 |  3.0
Conjurations   | 2 3 |  3.2
Fire Magic     | 4 |  4.4
Spellcasting   | |  2.7

Action                   |  1- 3 |  4- 6 || total
-------------------------+-------+-------++-------
Melee: Unarmed           |     9 |       ||     9
       Dagger            |    20 |    31 ||    51
       Tailslap          |     2 |     6 ||     8
 Cast: Foxfire           |    62 |   113 ||   175
 Stab: Sleeping          |     2 |     1 ||     3
Armor: Skin              |    36 |    17 ||    53
Dodge: Dodged            |    74 |    40 ||   114

Table legend: (Time is in decaauts)
 A = Elapsed time spent in this place.
 B = Non-inter-level travel time spent in this place.
 C = Inter-level travel time spent in this place.
 D = Time resting spent in this place.
 E = Time spent auto-exploring this place.
 F = Levels seen in this place.
 G = Mean time per level.
                   A        B        C        D        E       F      G
               +--------+--------+--------+--------+--------+-----+--------+
         Total |   4734 |   4498 |    236 |    917 |   2244 |   5 |  946.8 |
       Dungeon |   4649 |   4413 |    236 |    917 |   2205 |   4 | 1162.2 |
        Temple |     84 |     84 |      0 |      0 |     39 |   1 |   84.0 |
               +--------+--------+--------+--------+--------+-----+--------+

Top non-repeatable levels by time:
     D:3: 1438 daAuts
     D:1: 1406 daAuts
     D:2: 998 daAuts
     D:4: 805 daAuts
  Temple: 84 daAuts
